Map: Catalyst LE

Players

Ben

  • Race: Terran Terran
  • League: Platinum
  • Spawn Location: 11:00

Infamous - Winner!

  • Race: Protoss Protoss
  • League: Silver
  • Spawn Location: 5:00

VOD

Have the link to the VOD?

Description

Time

  • Played on: March 26, 2018, 11:20 a.m.
  • Length: 10:03
Show
View Real Time Build Order
Export as new Build Order

Ben Terran 

Build Orders: Reaper Expand 

Get SALT Encoding   

  12  0:10  Supply Depot  
  12  0:13  SCV  
  13  0:27  Refinery  
  13  0:38  Barracks  
  13  0:40  SCV  
  14  0:53  Supply Depot  
  14  1:00  SCV  
  15  1:12  SCV  
  16  1:24  SCV  
  17  1:26  Marine  
  18  1:37  Factory  
  18  1:38  SCV  
  19  2:01  Reaper  
  20  2:17  Command Center  
  20  2:29  SCV  
  21  2:32  Refinery  
  21  2:36  Barracks  
  21  2:38  Factory Tech Lab  
  21  2:43  SCV  
  22  2:46  Barracks Tech Lab  
  22  2:55  SCV  
  23  3:04  Cyclone  
  26  3:08  SCV  
  28  3:27  Orbital Command  
  28  3:29  Marine  
  28  3:31  Marine  
  29  3:34  Starport  
  29  3:39  Refinery  
  29  3:49  Cyclone  
  29  3:52  SCV  
  33  4:00  Marine x2  
  34  4:26  Medivac  
  34  4:30  Marine x2  
  33  4:50  Cyclone  
  33  4:51  Marine x2  
  37  5:15  Medivac  
  37  5:17  Marine x2  
  41  5:25  SCV  
  41  5:26  SCV  
  43  5:37  SCV  
  43  5:39  SCV  
  45  5:47  Starport Tech Lab  
  45  5:49  SCV  
  46  5:50  Factory  
  46  6:09  Refinery  
  46  6:20  Supply Depot, Cyclone  
  46  6:22  Supply Depot  
  46  6:23  SCV  
  46  6:25  Marine  
  46  6:26  Factory  
  46  6:41  Marine  
  46  6:42  SCV x2  
  46  6:43  Cyclone  
  46  6:45  Marine  
  53  6:52  Cyclone  
  53  6:54  Supply Depot, SCV x2  
  58  6:59  Marine  
  59  7:06  SCV x2  
  57  7:18  SCV  
  57  7:19  Cyclone  
  57  7:22  Factory  
  61  7:28  Supply Depot  
  61  7:30  Marine x2, SCV  
  63  7:42  SCV  
  52  7:54  SCV  
  52  7:55  Marine x2  
  52  7:58  SCV  
  56  7:59  Engineering Bay  
  56  8:04  Cloaking Field  
  56  8:05  Engineering Bay  
  56  8:06  SCV  
  56  8:18  SCV  
  57  8:20  Marine x2  
  57  8:23  Siege Tank  
  62  8:28  Supply Depot  
  62  8:31  SCV  
  63  8:53  Command Center  
  63  8:55  Siege Tank  
  66  8:57  Marine x2  
  66  9:02  Supply Depot  
  68  9:03  SCV  
  68  9:08  SCV  
  70  9:11  Banshee  
  70  9:15  SCV  
  74  9:20  SCV  
  75  9:25  Starport  
  75  9:27  SCV  
  76  9:32  SCV  
  76  9:34  Marine  
  76  9:37  Marine  
  79  9:39  SCV  
  79  9:42  Armory  
  79  9:44  SCV  
Show
View Real Time Build Order
Export as new Build Order

Infamous Protoss - Winner!

Build Orders:  

Get SALT Encoding   

  12  0:01  Probe  
  13  0:13  Probe  
  14  0:17  Pylon  
  14  0:27  Probe  
  15  0:39  Gateway  
  15  0:41  Probe (Chrono Boost)  
  16  0:53  Probe (Chrono Boost)  
  16  0:54  Assimilator  
  17  1:01  Probe (Chrono Boost)  
  18  1:08  Probe (Chrono Boost)  
  19  1:20  Probe (Chrono Boost)  
  20  1:31  Probe (Chrono Boost), Cybernetics Core  
  21  1:37  Assimilator  
  21  1:43  Pylon  
  21  1:45  Probe  
  22  1:57  Probe  
  22  2:04  Warp Gate (Chrono Boost)  
  22  2:09  Probe  
  22  2:12  Robotics Facility  
  23  2:23  Probe  
  23  2:28  Pylon  
  24  2:37  Probe  
  25  2:47  Nexus  
  25  2:49  Probe  
  26  2:57  Pylon  
  25  2:59  Adept  
  27  3:06  Observer (Chrono Boost)  
  28  3:15  Gateway  
  28  3:18  Forge  
  28  3:19  Probe  
  29  3:27  Adept  
  31  3:34  Probe  
  32  3:51  Probe  
  32  3:53  Pylon  
  33  3:58  Gateway  
  33  3:59  Gateway  
  33  4:03  Probe  
  34  4:14  Stalker  
  34  4:15  Probe, Stalker  
  37  4:21  Observer  
  36  4:42  Stalker x2, Observer (Chrono Boost)  
  37  4:49  Pylon  
  37  4:51  Probe  
  36  5:01  Probe, Robotics Bay  
  36  5:03  Probe  
  36  5:05  Zealot  
  36  5:06  Zealot  
  39  5:13  Probe  
  39  5:15  Stalker  
  41  5:23  Pylon  
  40  5:33  Stalker x2  
  43  5:44  Zealot x2  
  47  6:04  Twilight Council  
  47  6:20  Immortal  
  41  6:27  Zealot x2  
  41  6:28  Zealot  
  47  6:37  Charge (Chrono Boost)  
  47  6:43  Pylon  
  47  6:45  Pylon  
  47  6:49  Protoss Ground Weapons Level 1  
  47  6:50  Pylon  
  47  7:01  Probe  
  47  7:07  Adept x3  
  54  7:24  Photon Cannon  
  54  7:25  Probe  
  55  7:32  Shield Battery  
  53  7:52  Adept x3  
  59  8:19  Immortal (Chrono Boost)  
  63  8:28  Adept  
  65  8:54  Zealot x2  
  69  9:09  Zealot  
  71  9:42  Pylon  
  51  10:00  Stalker x2  
  51  10:01  Stalker  
Tags
 
Add a new tag
Caveats
  • Supply blocks, unpowered buildings, or Contaminate may cause inaccurate times.
  • Supply counts are checked every 10 seconds.